 Dungeon Crawl Stone Soup version 0.29-a0-364-g921d912d32 (webtiles) character file.

Game seed: 8716798019065042364

42 freelancePsychic the Grasshopper (level 3, -3/30 HPs)
             Began as a Draconian Warper on Apr 30, 2022.
             Killed by divine providence
             ... invoked by an orc priest
              (16 damage)
             ... on level 3 of the Dungeon.
             The game lasted 00:02:28 (1986 turns).

freelancePsychic the Grasshopper (Draconian Warper) Turns: 1986, Time: 00:02:28

Health: -3/30      AC:  5    Str: 13    XL:     3   Next: 35%
Magic:  6/6        EV: 12    Int: 15    God:
Gold:   88         SH:  0    Dex: 10    Spells: 4/6 levels left

rFire   . . .      SeeInvis .   j - +1 short sword (drain)
rCold   . . .      Faith    .   (no shield)
rNeg    . . .      Spirit   .   (body armour unavailable)
rPois   .          Reflect  .   (helmet restricted)
rElec   .          Harm     .   (no cloak)
rCorr   .          Rampage  .   (no gloves)
Will    .....                   (no boots)
Stlth   +.........              (no amulet)
HPRegen 0.10/turn               (no ring)
MPRegen 0.10/turn               (no ring)

@: no status effects
A: AC +5, unfitting armour, cold-blooded
a: no special abilities


You were on level 3 of the Dungeon.
You visited 1 branch of the dungeon, and saw 3 of its levels.

You collected 88 gold pieces.

Inventory:

Hand Weapons
 g - a +0 hunting sling
 j - a +1 short sword of draining (weapon)
Missiles
 c - 7 boomerangs of dispersal (quivered)
Jewellery
 i - a ring of ice
Scrolls
 b - a scroll of blinking
 f - a scroll of magic mapping
 k - 2 scrolls of amnesia
 l - a scroll of summoning
 n - a scroll of fear {unknown}
 o - a scroll of identify {@r1}
Potions
 a - a potion of flight
 d - a potion of magic {unknown}
 e - a potion of attraction {unknown}
 h - 2 potions of mutation {unknown}
 m - a potion of curing {unknown}


   Skills:
 + Level 2.8 Fighting
 - Level 1.0 Short Blades
 - Level 2.0 Polearms
 - Level 0.2(0.6) Slings
 - Level 0.9(1.0) Throwing
 - Level 2.1 Dodging
 + Level 2.3 Spellcasting
 * Level 1.3 Conjurations
 - Level 3.1 Translocations


You had 4 spell levels left.
You knew the following spells:

 Your Spells              Type           Power      Damage    Failure   Level
a - Blink                 Tloc           22%        N/A       9%          2

Your spell library contained the following spells:

 Spells                   Type           Power      Damage    Failure   Level
 Magic Dart               Conj           20%        1d4       13%         1
 Searing Ray              Conj           10%        2d4       19%         2
 Gell's Gravitas          Tloc           11%        N/A       19%         3
 Lesser Beckoning         Tloc           11%        N/A       19%         3
 Teleport Other           Tloc           11%        N/A       19%         3
 Pain                     Necr           4%         1d4       22%         1
 Fulminant Prism          Conj/Hex       1%         3d6       86%         4
 Manifold Assault         Tloc           11%        N/A       86%         5
 Agony                    Necr           1%         N/A       99%         5
 Excruciating Wounds      Necr           0%         N/A       99%         5


Dungeon Overview and Level Annotations

Branches:
Dungeon (3/15)

Altars:


Innate Abilities, Weirdness & Mutations

Your plain brown scales are hard. (AC +5)
You cannot fit into any form of body armour.
You are cold-blooded and may be slowed by cold attacks.


Message History

You see here 21 stones.
There is a stone staircase leading down here.
You climb downwards.
There is a stone staircase leading up here.
There is a stone staircase leading up here.
Found a stone staircase leading down.
A bat comes into view.
The bat moves out of view.
The bat hits you but does no damage.
A bat is nearby!
You hit the bat. You drain the bat.
You kill the bat!
No target in view!
Found a mace.
You now have 88 gold pieces (gained 10).
A quokka comes into view.
A quokka is nearby!
You hit the quokka. You drain the quokka.
You kill the quokka!
No target in view!
You see here a quokka corpse.
An orc comes into view. It is wielding a +0 club.
Found 9 stones.
The orc shouts!
An orc comes into view. It is wielding a +0 hand axe.
The orc moves out of view.
You see here 11 gold pieces.
An orc is nearby!
An orc priest comes into view. It is wielding a +0 hand axe.
The orc shouts!
The orc priest shouts!
An orc comes into view. It is wielding a +0 club.
The orc shouts!
You hear a shout!
The orc priest calls down the wrath of Beogh upon you.
Beogh smites you!
The orc priest mumbles some strange prayers to Beogh against you.
Beogh smites you!
The orc priest calls down the wrath of Beogh upon you.
Beogh smites you!
Ouch! That really hurt!
You die...

................#..).
######.#.#####.#..#
#.#.# ##.#..# #†#.#
##.....#
#.#.###......# ######
#.#..........#
......##.#####......#
. ##...#.# ##.....#
#.#....@.# #####.#
.........# ##.####
#.#.....$# #..>...
##...o.# #......
##.##o# #.#####
#......# #.#
#.o....#######<#
#...o..........#
#......#########


You could see an orc priest and 2 orcs.

Vanquished Creatures
  2 adders (D:2)
  A worm (D:2)
  A ball python (D:1)
  4 bats
  2 endoplasms
  2 goblins (D:2)
  3 hobgoblins (D:2)
  A kobold (D:2)
  2 quokkas
  2 rats
20 creatures vanquished.

Notes
Turn   | Place    | Note
-------+----------+-------------------------------------------
     0 | D:1      | freelancePsychic the Draconian Warper began the quest for
                  | the Orb.
     0 | D:1      | Reached XP level 1. HP: 17/17 MP: 3/3
    88 | D:1      | Found a faded altar of an unknown god.
   899 | D:2      | Reached skill level 1 in Short Blades
   899 | D:2      | Reached XP level 2. HP: 16/25 MP: 5/5
  1259 | D:2      | Learned a level 2 spell: Blink
  1603 | D:2      | Reached XP level 3. HP: 30/30 MP: 6/6
  1607 | D:2      | Reached skill level 1 in Conjurations
  1986 | D:3      | Killed from afar by an orc priest

Illustrated notes

Levels and vault maps discovered:
D:1:      nzn_arrival_water_spiral, layout_rooms,
          ebering_ecumenical_altar_abandoned, minmay_tromino_v4_c
D:2:      layout_basic
D:3:      layout_loops_ring

Skill      XL: |  1  2  3 |
---------------+----------+-----
Short Blades   | 1 |  1.0
Conjurations   | 1 |  1.3
Fighting       | |  2.8
Polearms       | |  2.0
Slings         | |  0.2
Throwing       | |  0.9
Dodging        | |  2.1
Spellcasting   | |  2.3
Translocations | |  3.1

Action                   || total
-------------------------++-------
Melee: Short sword       ||    37
       Spear             ||     4
       Tailslap          ||     4
 Fire: Hunting sling     ||    33
  Use: Scroll            ||     4
Armor: Skin              ||    22
Dodge: Dodged            ||    43

Table legend: (Time is in decaauts)
 A = Elapsed time spent in this place.
 B = Non-inter-level travel time spent in this place.
 C = Inter-level travel time spent in this place.
 D = Time resting spent in this place.
 E = Time spent auto-exploring this place.
 F = Levels seen in this place.
 G = Mean time per level.
                   A        B        C        D        E       F      G
               +--------+--------+--------+--------+--------+-----+--------+
         Total |   2003 |   1971 |     32 |      0 |   1761 |   3 |  667.7 |
       Dungeon |   2003 |   1971 |     32 |      0 |   1761 |   3 |  667.7 |
               +--------+--------+--------+--------+--------+-----+--------+

Top non-repeatable levels by time:
     D:2: 1255 daAuts
     D:1: 699 daAuts
     D:3: 48 daAuts
